 Dungeon Crawl Stone Soup version 0.30-a0-313-gae38170b09 (webtiles) character file.

Game seed: 15503757318069609140

1820 Elric the Chopper (level 8, 0/55 (63) HPs)
             Began as a Demonspawn Gladiator on Oct 26, 2022.
             Slain by a wight
             ... wielding a +1 vorpal scimitar
              (1 damage)
             ... on level 6 of the Dungeon on Nov 2, 2022.
             The game lasted 00:20:07 (5315 turns).

Elric the Chopper (Demonspawn Gladiator)            Turns: 5315, Time: 00:20:08

HP:   0/55 (63)     AC: 15    Str: 16    XL:     8   Next: 85%
MP:   8/8           EV: 10    Int:  9    God:
Gold: 362           SH:  0    Dex: 16    Spells: 7/7 levels left

rFire   . . .      SeeInvis .    l - +1 hand axe (freeze)
rCold   . . .      Faith    .    (no shield)
rNeg    . . .      Spirit   .    i - +0 plate armour
rPois   .          Reflect  .    c - +0 helmet
rElec   .          Harm     .    (no cloak)
rCorr   .          Rampage  .    w - +1 pair of gloves
Will    .....                    (no boots)
Stlth   ..........               (no amulet)
HPRegen 0.29/turn                (no ring)
MPRegen 0.11/turn                (no ring)

@: heavily drained
A: claws 2, powered by pain 1, sturdy frame 3
a: no special abilities


You were on level 6 of the Dungeon.
You visited 1 branch of the dungeon, and saw 6 of its levels.
You also visited: Sewer.

You collected 362 gold pieces.

Inventory:

Hand Weapons
 a - a +0 war axe
 h - a +0 hammer
 l - a +1 hand axe of freezing (weapon)
 p - a +2 vampiric whip
 B - a +2 scythe of freezing
Missiles
 e - a javelin
 y - a throwing net
Armour
 b - a +0 leather armour
 c - a +0 helmet (worn)
 i - a +0 plate armour (worn)
 w - a +1 pair of gloves (worn)
Scrolls
 j - a scroll of teleportation
 k - a scroll of blinking
 m - a scroll of torment {unknown}
 n - a scroll of butterflies
 q - 2 scrolls of fear {unknown}
 v - a scroll of magic mapping {unknown}
 x - a scroll of poison {unknown}
 A - a scroll of identify
 C - 3 scrolls of noise {unknown}
Potions
 d - a potion of brilliance
 f - 4 potions of heal wounds
 g - a potion of haste
 o - a potion of lignification
 r - 5 potions of curing
 s - a potion of ambrosia
 t - a potion of magic
 u - a potion of degeneration (quivered)
 z - a potion of flight {unknown}


   Skills:
 + Level 5.4 Fighting
 * Level 7.1 Axes
 - Level 2.0 Throwing
 + Level 4.3 Armour
 + Level 5.3 Dodging
 - Level 1.0 Stealth


You had 7 spell levels left.
You didn't know any spells.
Your spell library contained the following spells:

 Spells                   Type           Power      Damage    Failure   Level
 Fireball                 Conj/Fire      0%         3d3       100%        5
 Iskenderun's Battlesphe  Conj           0%         2d6       100%        5
 Summon Forest            Summ/Tloc      0%         N/A       100%        5
 Summon Mana Viper        Hex/Summ       0%         N/A       100%        5
 Conjure Ball Lightning   Conj/Air       0%         3x3d6     100%        6
 Iron Shot                Conj/Erth      0%         9d1       100%        6
 Summon Cactus Giant      Summ           0%         N/A       100%        6
 Orb of Destruction       Conj           0%         9d5       100%        7
 Spellforged Servitor     Conj/Summ      0%         N/A       100%        7


Dungeon Overview and Level Annotations

Branches:
Dungeon (6/15)              Sewer (visited)
 Temple: D:4-7

Altars:

Shops:
D:2 (


Innate Abilities, Weirdness & Mutations

You have very sharp fingernails.
You sometimes gain a little power by taking damage.
Your movements are significantly less encumbered by armour. (ER -6)


Message History

The wight completely misses you.
You barely miss the wight.
The wight is heavily damaged.
You hit the wight. You hit the wight but do no damage. You hit the wight.
The wight barely misses you.
The wight hits you with a +1 vorpal scimitar!
The wight misses you. The wight closely misses you.
You hit the wight but do no damage.
The wight is heavily damaged.
You hit the wight. x3; The wight hits you but does no damage.
The wight completely misses you.
The wight hits you with a +1 vorpal scimitar.
You feel drained.
The wight hits you with a +5 morningstar.
You hit the wight.
The wight is heavily damaged.
You barely miss the wight. You hit the wight but do no damage.
You completely miss the wight. The wight hits you with a +5 flail!
The wight closely misses you.
The wight hits you with a +1 vorpal scimitar.
You feel drained.
The wight hits you with a +5 morningstar!
You feel drained.
* * * LOW HITPOINT WARNING * * *
You hit the wight but do no damage.
The wight is lightly damaged.
You hit the wight but do no damage. You hit the wight.
You hit the wight but do no damage. The wight hits you with a +5 flail.
* * * LOW HITPOINT WARNING * * *
You feel drained.
* * * LOW HITPOINT WARNING * * *
The wight hits you but does no damage. x2; The wight barely misses you.
You barely miss the wight. You punch the wight, but do no damage.
The wight is lightly damaged.
You hit the wight but do no damage. You barely miss the wight.
You hit the wight but do no damage. The wight hits you with a +5 flail.
* * * LOW HITPOINT WARNING * * *
The wight hits you with a +1 vorpal scimitar!
* * * LOW HITPOINT WARNING * * *
You die...

### ..#
#z###.#
#z@z..#
#z#####
..#
...#
#.### #


You could see 4 wights.

Vanquished Creatures
  Pikel (D:4)
  Sigmund (D:5)
  Menkaure (D:4)
  2 ogres (D:5)
  A phantom (D:5)
  2 lemures (D:4)
  4 kobold brigands
  A howler monkey (D:5)
  A vampire bat (D:5)
  Crazy Yiuf (D:4)
  A jelly (D:5)
  A gnoll bouda (D:5)
  An orc priest (D:4)
  2 hounds
  2 iguanas (D:5)
  4 gnolls (D:5)
  8 adders
  A river rat (D:3)
  3 worms
  A dart slug (D:1)
  6 orcs (D:4)
  4 ball pythons
  7 bats
  6 endoplasms
  6 giant cockroaches
  4 goblins
  6 hobgoblins
  10 jackals
  19 kobolds
  7 quokkas
  7 frilled lizards
  10 rats
131 creatures vanquished.

Vanquished Creatures (others)
  3 plants (Sewer)
3 creatures vanquished.

Grand Total: 134 creatures vanquished

Notes
Turn   | Place    | Note
-------+----------+-------------------------------------------
     0 | D:1      | Elric the Demonspawn Gladiator began the quest for the Orb.
     0 | D:1      | Reached XP level 1. HP: 16/16 MP: 1/1
    21 | D:1      | Found a faded altar of an unknown god.
   172 | D:1      | Gained mutation: You sometimes gain a little power by
                  | taking damage. [demonic ancestry]
   172 | D:1      | Reached XP level 2. HP: 15/22 MP: 2/2
   540 | D:1      | Reached skill level 3 in Axes
   926 | D:2      | Gained mutation: Your movements are slightly less
                  | encumbered by armour. (ER -2) [demonic ancestry]
   926 | D:2      | Reached XP level 3. HP: 28/28 MP: 3/3
  1267 | D:2      | Found Jopp's Weapon Shop.
  1947 | D:3      | Reached skill level 1 in Stealth
  1948 | D:3      | Gained mutation: Your movements are less encumbered by
                  | armour. (ER -4) [demonic ancestry]
  1948 | D:3      | Reached XP level 4. HP: 34/34 MP: 4/4
  2091 | D:3      | Reached skill level 1 in Armour
  2143 | D:3      | Found a glowing drain.
  2165 | Sewer    | Entered a sewer
  2272 | Sewer    | Noticed a kobold brigand
  2272 | Sewer    | Noticed a kobold brigand
  2272 | Sewer    | Noticed a kobold brigand
  2287 | Sewer    | Killed a kobold brigand
  2288 | Sewer    | Reached skill level 4 in Axes
  2288 | Sewer    | Gained mutation: Your movements are significantly less
                  | encumbered by armour. (ER -6) [demonic ancestry]
  2288 | Sewer    | Reached XP level 5. HP: 20/41 MP: 5/5
  2300 | Sewer    | Gained mutation: You have sharp fingernails. [demonic
                  | ancestry]
  2300 | Sewer    | Reached XP level 6. HP: 18/47 MP: 6/6
  3342 | D:4      | Noticed Pikel
  3366 | D:4      | Killed Pikel
  3367 | D:4      | Reached skill level 5 in Axes
  3367 | D:4      | Reached XP level 7. HP: 32/55 MP: 7/7
  3378 | D:4      | Noticed Menkaure
  3425 | D:4      | Killed Menkaure
  3426 | D:4      | Gained mutation: You have very sharp fingernails. [demonic
                  | ancestry]
  3426 | D:4      | Reached XP level 8. HP: 35/61 MP: 8/8
  3639 | D:4      | Found a runed translucent door.
  3640 | D:4      | Noticed Crazy Yiuf
  3972 | D:4      | Killed Crazy Yiuf
  3973 | D:4      | Reached skill level 6 in Axes
  4037 | D:5      | Entered Level 5 of the Dungeon
  4437 | D:5      | Reached skill level 5 in Dodging
  4595 | D:5      | Reached skill level 5 in Fighting
  4930 | D:5      | Noticed Sigmund
  4958 | D:5      | Killed Sigmund
  4959 | D:5      | Reached skill level 7 in Axes
  5315 | D:6      | HP: 1/55 [wight/+1 vorpal scimitar (12)]
  5315 | D:6      | Slain by a wight

Illustrated notes

Levels and vault maps discovered:
D:1:      minmay_arrival_loop, layout_basic, dreamdust_ecumenical_altar_statues
D:2:      layout_basic, serial_shops, nicolae_shop_trees
D:3:      layout_loops_ring, gup_sewer_entry_bubbles
D:4:      layout_layer_cave, hangedman_decor_diamond_cutter, uniq_menkaure,
          uniq_pikel, uniq_crazy_yiuf_cottage
D:5:      layout_loops_corners, roderic_batcave, kennysheep_generic_room_10,
          uniq_sigmund
D:6:      layout_loops_corners

Skill      XL: |  1  2  3  4  5  6  7  8 |
---------------+-------------------------+-----
Throwing       | 2 |  2.0
Axes           | 3 4 5 7 |  7.1
Dodging        | 3 4 5 |  5.3
Stealth        | 1 |  1.0
Armour         | 1 3 4 |  4.3
Fighting       | 3 4 5 |  5.4

Action                   |  1- 3 |  4- 6 |  7- 9 || total
-------------------------+-------+-------+-------++-------
Melee: War axe           |    83 |       |       ||    83
       Punch             |     2 |     4 |     3 ||     9
       Hand axe          |    46 |   208 |   170 ||   424
Throw: Throwing net      |       |     4 |       ||     4
  Use: Scroll            |     1 |       |    11 ||    12
       Potion            |       |     2 |     1 ||     3
 Stab: Held in net/web   |       |     1 |       ||     1
Armor: Leather armour    |    13 |       |       ||    13
       Plate armour      |    78 |   148 |    81 ||   307
Dodge: Dodged            |    53 |   123 |    76 ||   252

Table legend: (Time is in decaauts)
 A = Elapsed time spent in this place.
 B = Non-inter-level travel time spent in this place.
 C = Inter-level travel time spent in this place.
 D = Time resting spent in this place.
 E = Time spent auto-exploring this place.
 F = Levels seen in this place.
 G = Mean time per level.
                   A        B        C        D        E       F      G
               +--------+--------+--------+--------+--------+-----+--------+
         Total |   5399 |   5258 |    141 |    310 |   3892 |   7 |  771.3 |
       Dungeon |   5212 |   5071 |    141 |    310 |   3810 |   6 |  868.7 |
         Sewer |    186 |    186 |      0 |      0 |     82 |   1 |  186.0 |
               +--------+--------+--------+--------+--------+-----+--------+

Top non-repeatable levels by time:
     D:5: 1265 daAuts
     D:4: 1246 daAuts
     D:1: 944 daAuts
     D:3: 921 daAuts
     D:2: 828 daAuts
   Sewer: 186 daAuts
     D:6: 7 daAuts
